 Dungeon Crawl Stone Soup version 0.30-a0-859-gf88a04b62d (webtiles) character file.

Game seed: 17658677675780255320

27 BubbleThief the Firebug (level 3, -1/34 HPs)
             Began as a Naga Cinder Acolyte on Mar 7, 2023.
             Was a High Priest of Ignis.
             Constricted to death by Sigmund (5 damage)
             ... on level 2 of the Dungeon.
             The game lasted 00:02:11 (1748 turns).

BubbleThief the Firebug (Naga Cinder Acolyte)       Turns: 1748, Time: 00:02:12

Health: -1/34      AC:  3    Str: 16    XL:     3   Next: 10%
Magic:  1/5        EV:  6    Int: 16    God:    Ignis [*****.]
Gold:   55         SH:  0    Dex:  6    Spells: 3/5 levels left

rFire   + . .      SeeInvis +    a - -1 mace (flame)
rCold   . . .      Faith    .    (no shield)
rNeg    . . .      Spirit   .    b - +0 robe
rPois   +          Reflect  .    j - +0 helmet
rElec   .          Rampage  .    (no cloak)
rCorr   .                        (no gloves)
Will    +....                    (no barding)
Stlth   +                        (no amulet)
HPRegen 0.25/turn                k - ring of willpower
MPRegen 0.09/turn                (no ring)

@: grasped by roots, very slightly contaminated, constricted, very slow
A: AC +1, large, see invisible, deformed body, poison resistance, slowness 2,
spit poison 1, naga tail 1
a: Spit Poison, Renounce Religion, Fiery Armour, Foxfire Swarm, Rising Flame


You were on level 2 of the Dungeon.
You worshipped Ignis.
Ignis was extremely pleased with you.
You visited 1 branch of the dungeon, and saw 2 of its levels.

You collected 55 gold pieces.

Inventory:

Hand Weapons
 a - a -1 mace of flaming (weapon)
Armour
 b - a +0 robe (worn)
 j - a +0 helmet (worn)
Jewellery
 k - a ring of willpower (left hand)
Scrolls
 c - a scroll of blinking {unknown}
 d - a scroll of enchant armour {unknown}
 e - a scroll of silence {unknown}
 g - a scroll of amnesia {unknown}
 h - 2 scrolls of identify {unknown}
 i - a scroll of brand weapon {unknown}
 m - a scroll of teleportation {unknown}
 n - a scroll of fog {unknown}
Potions
 f - 2 potions of heal wounds {unknown}
 l - a potion of curing {unknown}
 o - a potion of magic {unknown}
 p - a potion of mutation {unknown}


   Skills:
 - Level 3.0 Fighting
 - Level 3.0 Maces & Flails
 + Level 1.6 Spellcasting
 * Level 3.8 Fire Magic


You had 3 spell levels left.
You knew the following spells:

 Your Spells              Type           Power      Damage    Failure   Level
a - Scorch                Fire           26%        2d6       7%          2

Your spell library contained the following spells:

 Spells                   Type           Power      Damage    Failure   Level
 Ensorcelled Hibernation  Hex/Ice        2%         N/A       32%         2
 Sublimation of Blood     Necr           1%         N/A       32%         2
 Wereblood                Tmut           1%         N/A       32%         2
 Ozocubu's Armour         Ice            1%         N/A       54%         3
 Spider Form              Tmut/Pois      1%         N/A       54%         3
 Anguish                  Hex/Necr       0%         N/A       91%         4
 Metabolic Englaciation   Hex/Ice        0%         N/A       99%         5
 Simulacrum               Ice/Necr       0%         N/A       100%        6
 Summon Hydra             Summ           0%         N/A       100%        7


Dungeon Overview and Level Annotations

Branches:
Dungeon (2/15)

Altars:

Annotations:
D:2 Sigmund


Innate Abilities, Weirdness & Mutations

Your serpentine skin is tough. (AC +1)
You have supernaturally acute eyesight. (SInv)
Armour fits poorly on your strangely shaped body.
Your system is resistant to poisons. (rPois)
You cover ground very slowly.
You can spit poison.
You have a snake-like lower body.


Message History

The grasping roots grab you! The grasping roots constrict you.
A giant cockroach comes into view.
Casting: Scorch (safe; 7% risk of failure)
Confirm with . or Enter, or press ? or * to list all spells.
Flames lash the giant cockroach.
The giant cockroach is severely wounded.
The giant cockroach's fire resistance burns away.
Sigmund gestures wildly while chanting.
Sigmund flickers and vanishes for a moment.
The grasping roots constrict you.
The roots grasp on you weakens, but your attempt to escape fails.
The grasping roots constrict you!
The giant cockroach bites you but does no damage.
Unknown command.
Aiming: Spit Poison (2% risk of failure)
Press: ? - help, Shift-Dir - straight line, f/p - Sigmund
Aim: Sigmund, wielding a +0 scythe, wearing a +0 robe and carrying a wand of roots (7) (heavily wounded, slightly transparent, poisoned, 54% to hit)
The splash of poison hits the giant cockroach!
You kill the giant cockroach!
The grasping roots constrict you.
* * * LOW HITPOINT WARNING * * *
The grasping roots release their grip on you.
Unknown command.
Casting: Scorch (safe; 7% risk of failure)
Confirm with . or Enter, or press ? or * to list all spells.
You miscast Scorch.
You are very lightly contaminated with residual magic.
Nothing appears to happen.
Sigmund zaps a wand.
The roots erupt in riotous growth!
The grasping roots grab you! The grasping roots constrict you.
* * * LOW HITPOINT WARNING * * *
You escape the roots grasp.
You have got your breath back.
Sigmund looks more healthy.
Sigmund zaps a wand.
The roots erupt in riotous growth!
The grasping roots grab you!
Sigmund is unaffected.
The grasping roots constrict you.
You die...

### . ## #.# .. ..
#.# .. #. #.# #.#$#
#.# ... #.# #.##.#
#..@.# ###@.#####
##.......# #^.......#
#........# .
###.##.##### ## .##.
##...#..###
.##.##.####..##.....#
................#####
..... .....##.###


You could see Sigmund (invisible).

Vanquished Creatures
  An endoplasm (D:1)
  2 giant cockroaches
  2 goblins (D:1)
  A hobgoblin (D:1)
  3 jackals (D:1)
  3 kobolds
  3 quokkas (D:1)
  A ball python (D:2)
  2 bats
  2 frilled lizards
  5 rats
25 creatures vanquished.

Notes
Turn   | Place    | Note
-------+----------+-------------------------------------------
     0 | D:1      | BubbleThief the Naga Cinder Acolyte began the quest for the
                  | Orb.
     0 | D:1      | Reached XP level 1. HP: 21/21 MP: 2/2
   232 | D:1      | Reached XP level 2. HP: 9/28 MP: 3/3
  1566 | D:2      | Learned a level 2 spell: Scorch
  1593 | D:2      | Reached XP level 3. HP: 34/34 MP: 5/5
  1734 | D:2      | Noticed Sigmund
  1748 | D:2      | Constricted to death by Sigmund

Illustrated notes

Levels and vault maps discovered:
D:1:      kilobyte_arrival_exit_the_forest, layout_basic, serial_forest,
          infiniplex_forest_end_2, infiniplex_forest_straight_4,
          infiniplex_forest_clump_small, infiniplex_forest_lined_room_2,
          infiniplex_forest_clump_small, infiniplex_forest_lined_corner,
          minmay_misc_feat_square, fountainhead, hangedman_decor_lopped,
          kennysheep_pointless_box, feat_on_display
D:2:      minmay_roachtagon, layout_rooms, grunt_ministairs_10, uniq_jessica,
          uniq_sigmund

Action                     || total
---------------------------++-------
  Melee: Mace              ||    57
   Cast: Scorch            ||     1
Ability: Spit Poison       ||    26
 Armour: Robe              ||    14
  Dodge: Dodged            ||    27

Table legend: (Time is in decaauts)
 A = Elapsed time spent in this place.
 B = Non-inter-level travel time spent in this place.
 C = Inter-level travel time spent in this place.
 D = Time resting spent in this place.
 E = Time spent auto-exploring this place.
 F = Levels seen in this place.
 G = Mean time per level.
                   A        B        C        D        E       F      G
               +--------+--------+--------+--------+--------+-----+--------+
         Total |   2279 |   2216 |     63 |      0 |   2002 |   2 | 1139.5 |
       Dungeon |   2279 |   2216 |     63 |      0 |   2002 |   2 | 1139.5 |
               +--------+--------+--------+--------+--------+-----+--------+

Top non-repeatable levels by time:
     D:1: 2029 daAuts
     D:2: 250 daAuts
